 Dungeon Crawl Stone Soup version 0.20-a0-993-gba41c3c (webtiles) character file.

2559 Hook the Fighter (level 9, -3/61 HPs)
             Began as a Gargoyle Fighter on Apr 11, 2017.
             Was a Believer of the Shining One.
             Slain by a two-headed ogre
             ... wielding a +0 giant spiked club
              (6 damage)
             ... on level 7 of the Dungeon.
             The game lasted 00:15:28 (6324 turns).

Hook the Fighter (Gargoyle Fighter)                 Turns: 6324, Time: 00:15:29

Health: -3/61      AC: 17    Str: 23    XL:     9   Next: 56%
Magic:  9/9        EV:  9    Int: 11    God:    the Shining One [**....]
Gold:   395        SH: 12    Dex: 10    Spells: 8/8 levels left

rFire    . . .     SeeInvis .   h - +4 mace "Feaqeypp" {freeze, +Blink rN+ Int+3}
rCold    . . .     Gourm    .   x - +2 shield
rNeg     + + +     Faith    .   n - +1 ring mail {rPois}
rPois    ∞         Spirit   .   p - +2 helmet
rElec    +         Reflect  .   (no cloak)
rCorr    .         Harm     .   z - +0 pair of gloves
MR       .....                  (no boots)
Stlth    ..........             (no amulet)
Regen    0.2/turn               (no ring)
MPRegen  0.2/turn               (no ring)

@: glowing
A: negative energy resistance 1, electricity resistance, unbreathing,
petrification resistance, rot immunity, AC +5
a: Divine Shield, Renounce Religion, Evoke Blink


You were on level 7 of the Dungeon.
You worshipped the Shining One.
The Shining One was pleased with you.
You were hungry.

You visited 1 branch of the dungeon, and saw 8 of its levels.

You collected 395 gold pieces.

Inventory:

Hand Weapons
 a - a +3 flail
 h - the +4 mace "Feaqeypp" (weapon) {freeze, +Blink rN+ Int+3}
   (You found it on level 6 of the Dungeon)

   It has been specially enchanted to freeze those struck by it, causing extra
   injury to most foes and up to half again as much damage against particularly
   susceptible opponents.
   It can also slow down cold-blooded creatures.
   It affects your intelligence (+3).
   It protects you from negative energy.
   It lets you blink.
Armour
 b - a +0 scale mail
 c - a +1 shield
 n - a +1 ring mail of poison resistance (worn)
 p - a +2 helmet (worn)
 x - a +2 shield (worn)
 z - a +0 pair of gloves (worn)
Jewellery
 y - an uncursed ring of wizardry {unknown}
 C - an uncursed amulet of faith {unknown}
Wands
 B - a wand of lightning (9/15)
 E - a wand of acid (11/15)
Scrolls
 e - 4 scrolls of teleportation
 i - a scroll of blinking
 j - a scroll of amnesia
 l - a scroll of enchant armour
 q - 3 scrolls of remove curse
 s - 4 scrolls of recharging
 t - a scroll of enchant weapon
 A - 6 scrolls of identify
Potions
 d - 3 potions of might
 k - a potion of lignification {unknown}
 r - 2 potions of ambrosia {unknown}
 u - a potion of curing {unknown}
 v - 5 potions of heal wounds {unknown}
 w - 2 potions of magic {unknown}
Books
 o - a book of Conjurations

   Spells                             Type                      Level
   a - Magic Dart                     Conjuration                  1
   b - Searing Ray                    Conjuration                  2
   c - Dazzling Spray                 Conjuration/Hexes            3
   d - Fulminant Prism                Conjuration/Hexes            4
   e - Force Lance                    Conjuration/Translocation    4
   f - Iskenderun's Mystic Blast      Conjuration                  4
 G - a book of Minor Magic

   Spells                             Type                      Level
   a - Magic Dart                     Conjuration                  1
   b - Blink                          Translocation                2
   c - Call Imp                       Summoning                    2
   d - Slow                           Hexes                        2
   e - Conjure Flame                  Conjuration/Fire             3
   f - Mephitic Cloud                 Conjuration/Poison/Air       3
Comestibles
 f - 7 bread rations
 g - a royal jelly
 m - 7 meat rations
 D - 2 fruits


   Skills:
 * Level 9.4 Fighting
 + Level 6.0 Maces & Flails
 + Level 7.1 Armour
 + Level 6.8 Shields


You had 8 spell levels left.
You didn't know any spells.

Dungeon Overview and Level Annotations

Branches:
Dungeon (8/15)             Temple (0/1) D:4
   Lair: D:8-11

Altars:
Ashenzari
Hepliaklqana
Makhleb
Nemelex Xobeh
Okawaru
Qazlal
Ru
Trog
Zin
The Shining One

Shops:
D:4 }

Annotations:
D:2 1 exclusion


Innate Abilities, Weirdness & Mutations

You are resistant to torment.
Your stone body is resilient. (AC +5)
You are immune to poison.
You resist negative energy. (rN+)
You are resistant to electric shocks. (rElec)
You can survive without breathing.
You are immune to petrification.
You are immune to rotting.


Message History

You sock the two-headed ogre! You freeze the two-headed ogre.
The two-headed ogre is moderately wounded.
The two-headed ogre hits you with a giant spiked club!!
* * * LOW HITPOINT WARNING * * *
The two-headed ogre hits you with a giant club!
* * * LOW HITPOINT WARNING * * *
You are too injured to fight recklessly!
You are too injured to fight recklessly!
There is a stone staircase leading up here.
The two-headed ogre completely misses you.
The two-headed ogre hits you with a giant club!
* * * LOW HITPOINT WARNING * * *
You climb upwards.
There is a stone staircase leading down here.
You thump the two-headed ogre! You freeze the two-headed ogre.
The two-headed ogre is moderately wounded.
The two-headed ogre hits you with a giant spiked club.
* * * LOW HITPOINT WARNING * * *
The two-headed ogre hits you with a giant club.
You die...

###.####
#..#.############
#......# ##.#.#
#....).# #...#
#......# ##..#
#......# #..#
#......#
#######.#
#......# #...#
#.# #......#
#.#.###.#
#......#
#.#...O@#
#......#
#.#######
###'#### #.#
#.#.# #.# #.#.#
#.# #.#.# #.#
#.#.######.#
#.....)....#
#.#.########


You could see a two-headed ogre.

Vanquished Creatures
  2 hippogriffs
  2 orc warriors (D:7)
  2 sky beasts
  2 ogres
  A necrophage (D:7)
  5 centaurs
  2 bullfrogs
  A gnoll sergeant (D:5)
  A scorpion (D:4)
  2 howler monkeys
  2 crimson imps
  A quasit (D:5)
  An orc priest (D:7)
  A jelly (D:7)
  A bullfrog skeleton (D:5)
  3 hounds
  An iguana (D:6)
  4 worker ants
  4 orc wizards (D:7)
  A worker ant zombie (D:7)
  6 gnolls
  15 adders
  A shadow imp (D:7)
  An adder zombie (D:5)
  4 worms
  3 dart slugs
  2 leopard geckos (D:2)
  24 orcs
  2 ball pythons (D:1)
  6 giant cockroaches
  8 goblins
  12 hobgoblins
  2 jackals (D:2)
  3 quokkas
  9 bats
  3 frilled lizards
  8 kobolds
  A quokka skeleton (D:6)
  8 rats
157 creatures vanquished.

Notes
Turn   | Place    | Note
-------+----------+-------------------------------------------
     0 | D:1      | Hook the Gargoyle Fighter began the quest for the Orb.
     0 | D:1      | Reached XP level 1. HP: 14/14 MP: 1/1
    68 | D:1      | Reached XP level 2. HP: 18/19 MP: 2/2
   436 | D:2      | Reached XP level 3. HP: 22/24 MP: 3/3
   518 | D:2      | Found a shattered altar of Ashenzari.
   529 | D:2      | Found a sacrificial altar of Ru.
   606 | D:2      | Reached skill level 4 in Fighting
   648 | D:2      | Reached XP level 4. HP: 25/29 MP: 4/4
   915 | D:2      | Found a glowing golden altar of the Shining One.
   958 | D:2      | Became a worshipper of the Shining One
  1237 | D:3      | Reached XP level 5. HP: 24/34 MP: 5/5
  1867 | D:3      | Reached skill level 5 in Fighting
  2201 | D:3      | Reached XP level 6. HP: 40/40 MP: 6/6
  2318 | D:4      | Found a staircase to the Ecumenical Temple.
  2423 | D:4      | Found a burning altar of Makhleb.
  2519 | D:4      | Noticed a cacodemon
  2519 | D:4      | Reached * piety under the Shining One
  2586 | D:4      | Found a stormy altar of Qazlal.
  2597 | D:4      | Found a bloodstained altar of Trog.
  2768 | D:4      | Found Carayda's Gadget Emporium.
  2895 | D:5      | Entered Level 5 of the Dungeon
  3083 | D:5      | Reached XP level 7. HP: 30/45 MP: 7/7
  3303 | D:5      | Found an iron altar of Okawaru.
  3540 | D:5      | Reached skill level 6 in Fighting
  3869 | D:5      | Reached skill level 5 in Shields
  3879 | D:5      | Reached skill level 5 in Armour
  4069 | D:6      | Found a hazy altar of Hepliaklqana.
  4140 | D:6      | Reached XP level 8. HP: 33/52 MP: 8/8
  4153 | D:6      | Reached skill level 7 in Fighting
  4508 | D:6      | Got a crystal mace
  4510 | D:6      | Identified the +4 mace "Feaqeypp" {freeze, +Blink rN+ Int+3} (You found it on level 6 of the Dungeon)
  5033 | D:7      | Reached skill level 5 in Maces & Flails
  5098 | D:7      | Reached ** piety under the Shining One
  5163 | D:7      | Noticed a hippogriff
  5171 | D:7      | Killed a hippogriff
  5171 | D:7      | Reached skill level 8 in Fighting
  5243 | D:7      | Found a sparkling altar of Nemelex Xobeh.
  5272 | D:7      | Reached XP level 9. HP: 36/60 MP: 9/9
  5795 | D:7      | Found a glowing silver altar of Zin.
  5814 | D:7      | Reached skill level 9 in Fighting
  6281 | D:8      | Noticed a two-headed ogre
  6324 | D:7      | HP: 3/61 [two-headed ogre/giant spiked club (4)]
  6324 | D:7      | Slain by a two-headed ogre

Vault maps used:
D:1:      lemuel_arrival_broad_hall, serial_glass, glass_columns_b,
          glass_columns_c
D:2:      tso_oasis_becter, grunt_temple_overflow_open
D:4:      lightli_temple_of_fire, makhleb_altar_promises_db,
          lemuel_doored_altar, temple_green, serial_shops, kennysheep_mini,
          first_bread
D:5:      okawaru_ov_weapons_minmay, kennysheep_generic_room_5
D:6:      marbit_many_paths
D:7:      kennysheep_little_box, overflow_temple_1_default, grunt_ogre_cave
D:8:      kennysheep_big_flooded_room

Skill      XL: |  1  2  3  4  5  6  7  8  9 |
---------------+----------------------------+-----
Fighting       | 4 5 6 8 9 |  9.4
Maces & Flails | 3 4 5 6 |  6.0
Shields        | 4 5 6 |  6.8
Armour         | 4 5 6 7 |  7.1

Action                   |  1- 3 |  4- 6 |  7- 9 || total
-------------------------+-------+-------+-------++-------
Melee: Flail             |    95 |   271 |    96 ||   462
       Mace              |       |       |   155 ||   155
Invok: Divine Shield     |       |       |     1 ||     1
  Use: Scroll            |     5 |       |    10 ||    15
  Eat: Chunk             |       |     6 |     3 ||     9
       Fruit             |       |     1 |     1 ||     2
       Meat ration       |       |       |     1 ||     1
       Royal jelly       |       |       |     1 ||     1
Armor: Scale mail        |    57 |    11 |       ||    68
       Ring mail         |       |   108 |    90 ||   198
Dodge: Dodged            |    44 |    79 |    71 ||   194
Block: Shield            |    63 |   156 |   156 ||   375
